 Dungeon Crawl Stone Soup version 0.24-a0-254-gf493760c10 (webtiles) character file.

Game seed: 15875044187714432850

155626 JellyEater the Geomancer (level 17, -41/104 HPs)
             Began as a Gargoyle Earth Elementalist on Apr 18, 2019.
             Was the Champion of Vehumet.
             Killed from afar by a deep elf annihilator (73 damage)
             ... with a crystal spear
             ... on level 3 of the Elven Halls.
             The game lasted 02:19:44 (28933 turns).

JellyEater the Geomancer (GrEE)                    Turns: 28933, Time: 02:19:45

Health: -41/104    AC: 35    Str: 11    XL:     17   Next: 65%
Magic:  26/44      EV: 22    Int: 34    God:    Vehumet [******]
Gold:   1503       SH:  9    Dex: 10    Spells: 8/39 levels left

rFire    + . .     SeeInvis +   c - +9 hand axe of the Dark Horse {elec, rN+ MP+9 Int+2}
rCold    + + +     Gourm    .   u - +0 buckler of Responsibility {rF+ rCorr}
rNeg     + + .     Faith    .   D - +2 robe of Agnosticism {Int+4}
rPois    ∞         Spirit   .   V - +2 hat {MR+}
rElec    +         Reflect  +   m - +2 cloak
rCorr    +         Harm     .   W - +2 pair of gloves
MR       ++...                  w - +2 pair of boots of Tomorrow {rElec SInv}
Stlth    ++........             A - +5 amulet of reflection
HPRegen  0.27/turn              l - ring of Joutsys {*Slow rC+++ AC+4 Int+4 Slay+2}
MPRegen  0.29/turn              a - +6 ring of evasion

@: flying, slowed, very slow
A: big wings, yellow scales 1, high mp 1, negative energy resistance 1,
screaming 1, electricity resistance, unbreathing, evolution 1, petrification
resistance, rot immunity, AC +12
a: Stop Flying, Renounce Religion


You were on level 3 of the Elven Halls.
You worshipped Vehumet.
Vehumet was exalted by your worship.
You were very hungry.

You visited 5 branches of the dungeon, and saw 27 of its levels.
You also visited: Bailey and Volcano.

You collected 3126 gold pieces.
You spent 1623 gold pieces at shops.

Inventory:

Hand Weapons
 c - the +9 hand axe of the Dark Horse (weapon) {elec, rN+ MP+9 Int+2}
   (You found it on level 6 of the Dungeon)

   Occasionally, upon striking a foe, it will discharge some electrical energy
   and cause terrible harm.
   It affects your intelligence (+2).
   It protects you from negative energy.
   It affects your magic capacity (+9).
 N - a +4 morningstar
Missiles
 b - 450 stones (quivered)
 C - 2 throwing nets
Armour
 m - a +2 cloak (worn)
 u - the +0 buckler of Responsibility (worn) {rF+ rCorr}
   (You found it on level 1 of the Elven Halls)

   It protects you from fire.
   It provides partial protection from all sources of acid and corrosion.
 w - the +2 pair of boots of Tomorrow (worn) {rElec SInv}
   (You found it on level 5 of the Dungeon)

   It insulates you from electricity.
   It lets you see invisible.
 D - the +2 robe of Agnosticism (worn) {Int+4}
   (You found it on level 6 of the Dungeon)

   It affects your intelligence (+4).
 V - a +2 hat of magic resistance (worn)
 W - a +2 pair of gloves (worn)
Jewellery
 a - a +6 ring of evasion (right hand)
 l - the ring of Joutsys (left hand) {*Slow rC+++ AC+4 Int+4 Slay+2}
   (You bought it in a shop on level 1 of the Elven Halls)

   [ring of protection]

   It affects your AC (+4).
   It affects your intelligence (+4).
   It affects your accuracy and damage with ranged weapons and melee attacks
   (+2).
   It renders you almost immune to cold.
   It may slow you when you take damage.
 x - an uncursed amulet of rage
 A - a +5 amulet of reflection (around neck)
 E - an uncursed ring of wizardry
 Q - the ring "Nikh" {Ice Str+3 Int+5 Dex+2}
   (You bought it in a shop on level 14 of the Dungeon)

   [ring of ice]

   It enhances your ice magic.
   It affects your strength (+3).
   It affects your intelligence (+5).
   It affects your dexterity (+2).
   It makes you vulnerable to fire.
   It protects you from cold.
Wands
 o - a wand of iceblast (38)
 p - a wand of random effects (18)
 q - a wand of digging (3)
 K - a wand of acid (7)
 M - a wand of enslavement (15)
 U - a wand of clouds (5)
 X - a wand of paralysis (21)
Scrolls
 e - 2 scrolls of enchant weapon
 f - 10 scrolls of teleportation
 i - a scroll of immolation
 s - 7 scrolls of remove curse
 v - 6 scrolls of amnesia
 y - 5 scrolls of fog
 z - 8 scrolls of fear
 J - 2 scrolls of blinking
 Z - 4 scrolls of identify
Potions
 g - 3 potions of brilliance
 h - 3 potions of heal wounds
 k - 2 potions of resistance
 n - 7 potions of curing
 t - a potion of cancellation
 B - 2 potions of haste
 G - 2 potions of magic
 H - a potion of mutation
 I - 2 potions of might
Miscellaneous
 j - a phial of floods (inert)
 O - a lightning rod (4/4)
 R - a lamp of fire
Comestibles
 d - 39 rations
 r - 2 chunks of flesh


   Skills:
 + Level 11.5 Fighting
 + Level 10.5 Maces & Flails
 - Level 6.0 Armour
 + Level 9.2 Dodging
 - Level 2.1 Stealth
 + Level 3.7 Shields
 + Level 11.5 Spellcasting
 + Level 13.1 Conjurations
   Level 0.7 Transmutations
 * Level 12.1 Fire Magic
 + Level 14.6 Earth Magic
 - Level 6.0 Evocations


You had 8 spell levels left.
You knew the following spells:

 Your Spells              Type           Power        Failure   Level  Hunger
a - Sandblast             Erth           ######       0%          1    None
b - Stone Arrow           Conj/Erth      ######       0%          3    None
c - Lee's Rapid Deconstr  Erth           #######...   1%          5    #......
d - Bolt of Draining      Conj/Necr      ######....   1%          5    #......
e - Iron Shot             Conj/Erth      #######...   1%          6    ####...
f - Bolt of Fire          Conj/Fire      #######...   1%          6    ####...
g - Bolt of Magma         Conj/Fire/Erth #######...   1%          5    #......

Your spell library contained the following spells:

 Spells                   Type           Power        Failure   Level  Hunger
 Conjure Ball Lightning   Conj/Air       ######....   7%          6    ####...
 Magic Dart               Conj           ####         0%          1    None
 Searing Ray              Conj           ######       0%          2    None
 Beastly Appendage        Tmut           ###...       1%          1    None
 Freeze                   Ice            ###.         1%          1    None
 Passwall                 Tmut/Erth      ######..     1%          2    None
 Throw Frost              Conj/Ice       ######       1%          2    None
 Conjure Flame            Conj/Fire      #######.     1%          3    None
 Dazzling Spray           Conj/Hex       ######       1%          3    None
 Mephitic Cloud           Conj/Pois/Air  #####...     1%          3    None
 Force Lance              Conj/Tloc      ######..     1%          4    None
 Fulminant Prism          Conj/Hex       ######....   1%          4    None
 Iskenderun's Mystic Bla  Conj           #######.     1%          4    None
 Petrify                  Tmut/Erth      ######..     1%          4    None
 Throw Icicle             Conj/Ice       ######..     1%          4    None
 Animate Skeleton         Necr           N/A          2%          1    None
 Apportation              Tloc           ###...       2%          1    None
 Confusing Touch          Hex            ###...       2%          1    None
 Summon Butterflies       Summ           ###.....     2%          1    None
 Summon Small Mammal      Summ           ###.         2%          1    None
 Blink                    Tloc           N/A          3%          2    None
 Call Imp                 Summ           ###.....     3%          2    None
 Poisonous Vapours        Pois/Air       ###...       3%          2    None
 Shroud of Golubria       Chrm/Tloc      ###.......   3%          2    None
 Slow                     Hex            ###.....     3%          2    None
 Song of Slaying          Chrm           ###.....     3%          2    None
 Borgnjor's Vile Clutch   Necr/Erth      ######....   3%          5    #......
 Spider Form              Tmut/Pois      ###.......   6%          3    None
 Lesser Beckoning         Tloc           ###.......   7%          3    None
 Ozocubu's Armour         Chrm/Ice       ###.....     7%          3    None
 Regeneration             Chrm/Necr      ###.......   7%          3    None
 Tukima's Dance           Hex            ###.....     7%          3    None
 Freezing Cloud           Conj/Ice/Air   #####.....   16%         6    ####...
 Summon Ice Beast         Ice/Summ       ###.....     24%         4    None
 Alistair's Intoxication  Tmut/Pois      ###.....     50%         5    #......
 Agony                    Necr           ###.....     54%         5    #......
 Ring of Flames           Chrm/Fire      ######....   86%         7    ######.
 Hydra Form               Tmut           ###.......   95%         6    ####...
 Invisibility             Hex            ###.....     98%         6    ####...
 Controlled Blink         Tloc           N/A          100%        8    #######
 Sublimation of Blood     Necr           Unusable     N/A         2    N/A

Dungeon Overview and Level Annotations

Branches:
Dungeon (15/15)            Temple (1/1) D:5            Lair (6/6) D:10
 Shoals (0/4) Lair:2       Spider (0/4) Lair:3        Slime (0/5) Lair:6
    Orc (2/2) D:10            Elf (3/3) Orc:2        Vaults (0/5) D:13
 Depths (0/5) D:15

Altars:
Ashenzari
Cheibriados
Dithmenos
Elyvilon
Fedhas
Gozag
Hepliaklqana
Kikubaaqudgha
Makhleb
Nemelex Xobeh
Okawaru
Qazlal
Ru
Sif Muna
Trog
Uskayaw
Vehumet
Wu Jian
Xom
Yredelemnul
Zin
The Shining One

Shops:
D:10 [   D:14 *   Orc:2 }%[:   Elf:1 =}=   Elf:2 :   Elf:3 %

Annotations:
Orc:1 1 runed translucent door
Elf:2 3 runed translucent doors, Azrael


Innate Abilities, Weirdness & Mutations

You are resistant to torment.
Your stone body is resilient. (AC +12)
You are immune to poison.
Your large and strong wings let you fly indefinitely.
You resist negative energy. (rN+)
You are resistant to electric shocks. (rElec)
You can survive without breathing.
You are immune to petrification.
You are immune to rotting.
You are partially covered in yellow scales. (AC +2)
You have an increased reservoir of magic. (+10% MP)
You occasionally shout uncontrollably at your foes.
You evolve.


Message History

Unknown command.
The deep elf blademaster hits you with a +1 short sword of protection!
The deep elf blademaster hits you but does no damage.
You block the deep elf blademaster's attack. x2
The deep elf annihilator points at you and mumbles some strange words.
The poison arrow reflects off an invisible shield around you!
The poison arrow hits the deep elf annihilator!!
The deep elf annihilator looks as sick as possible!
You kill the deep elf annihilator!
Vehumet accepts your kill.
You feel your power returning.
The deep elf blademaster hits you with a +1 short sword of protection!
* * * LOW HITPOINT WARNING * * *
The deep elf blademaster completely misses you.
Unknown command.
The deep elf annihilator shouts!
The deep elf annihilator points at you and mumbles some strange words.
The crystal spear hits you!!!!
Ouch! That really hurt!
You die...

.........'..'....)........#
.........####.....(.......#
.........# #........∩....#
......)..# #.............#
.........# ###).(......###
.........# ##())...###
###'###### ##(###.### #.#
##.####### #.# ##).e@.e).#
#.# ##.#######.# #.# ##.##
#.## #.# ##.## #..# #.#
##.## ##.# #'####.## #.#
##...#'## #e## ##<.♣..##
#.e# '.......# ##.#


You could see a deep elf blademaster and a deep elf annihilator.

Vanquished Creatures
  Jorgrun (Elf:2)
  A deep elf blademaster (Elf:3)
  The ghost of HELP the Unseen, a journeyman SpEn of Gozag (Elf:1)
  3 deep elf annihilators (Elf:3)
  A deep elf death mage (Elf:2)
  An ogre mage (D:15)
  Josephine (Lair:5)
  Harold (D:8)
  7 hydras
  Fannar (Lair:1)
  4 catoblepae
  4 centaur warriors
  9 two-headed ogres
  A queen ant (Lair:2)
  19 dancing weapons
  A vampire mage (D:15)
  A tengu warrior (D:12)
  7 death yaks
  2 orc high priests
  Urug (D:13)
  9 deep elf knights
  Sonja (Lair:6)
  Nergalle (D:12)
  3 large abominations (Elf:2)
  An unseen horror (D:15)
  2 skeletal warriors (D:15)
  A golden dragon zombie (D:15)
  5 wizards
  A tengu zombie (D:15)
  8 deep elf archers
  4 orange crystal statues (Orc:1)
  Pikel (D:7)
  A lindwurm (Lair:3)
  2 necromancers
  The ghost of Esekla the Chopper, a novice FoAK of Lugonu (D:14)
  10 ugly things
  48 deep elf magi
  4 oklob plants (Lair:4)
  5 orc knights
  5 orc sorcerers
  2 cyclopes
  3 manticores
  A torpor snail (Lair:6)
  2 gargoyles
  5 toenail golems (Volcano)
  23 spiny frogs
  2 black mambas
  4 elephants (Lair:5)
  2 rime drakes
  5 komodo dragons
  A yaktaur (shapeshifter) (Elf:1)
  5 yaktaurs (D:15)
  A yaktaur zombie (D:15)
  A queen bee (D:14)
  A tengu conjurer (D:12)
  3 meliai (D:14)
  4 trolls
  A polar bear (Lair:2)
  The ghost of lilly the Cudgeler, an amateur MiMo (D:4)
  30 blink frogs
  4 hornets
  4 tyrant leeches (Lair:6)
  Grinder (D:6)
  4 slime creatures
  9 hippogriffs
  6 water elementals
  2 redbacks (Lair:3)
  2 shadows (D:15)
  3 air elementals (Elf:1)
  36 yaks
  6 wraiths
  An ice dragon skeleton (D:15)
  A centaur simulacrum (D:14)
  Eustachio (D:6)
  9 fire elementals
  4 hogs (D:7)
  A wyvern (D:13)
  4 hungry ghosts
  The ghost of yrara the Skirmisher, an amateur DsFi (D:3)
  8 vampire mosquitoes
  4 basilisks
  2 steam dragons
  A human (D:7)
  Menkaure (D:5)
  2 wargs (D:15)
  4 soldier ants
  5 acid dragons
  10 water moccasins
  38 orc warriors
  9 porcupines
  A swamp drake (Orc:2)
  Purgy (D:3)
  4 phantoms
  An ice beast (D:14)
  2 black bears (D:9)
  7 sky beasts
  An eye of draining (shapeshifter) (Elf:1)
  An eye of draining (D:11)
  7 ogres
  6 wolves (Lair:3)
  13 centaurs
  15 crocodiles
  25 bullfrogs
  3 earth elementals
  3 elf zombies (Elf:2)
  A big kobold (D:11)
  2 wyvern skeletons
  5 scorpions
  10 killer bees
  8 wights
  2 electric eels
  2 howler monkeys
  3 centaur zombies
  A bullfrog zombie (D:5)
  9 crimson imps
  9 hounds
  A quasit (D:10)
  5 jellies
  26 orc priests
  6 centaur skeletons
  41 orc wizards
  Crazy Yiuf (D:2)
  4 bullfrog skeletons
  An iron imp (Orc:2)
  2 iguanas
  26 worker ants
  7 hell rats (Lair:6)
  2 hound zombies
  2 worker ant zombies
  A howler monkey zombie (D:8)
  19 adders
  3 shadow imps
  A white imp (Orc:2)
  2 oozes (D:1)
  An adder zombie (D:10)
  3 adder skeletons
  A worm (D:3)
  4 dart slugs
  3 leopard geckos
  90 orcs
  8 bats
  5 giant cockroaches
  5 goblins
  6 hobgoblins
  9 jackals
  15 kobolds
  6 quokkas
  4 ball pythons
  4 frilled lizards
  A jackal zombie (D:5)
  A leopard gecko skeleton (D:7)
  A leopard gecko zombie (D:5)
  7 rats
  3 fungi (Lair:5)
  15 plants
  A withered plant (D:15)
945 creatures vanquished.

Vanquished Creatures (others)
  A wizard (Volcano)
  A deep elf mage (Elf:1)
  A cyclops (D:11)
  A slave (D:7)
  A bullfrog (D:7)
  3 orc wizards
  32 fungi
  59 plants
  A withered plant (D:15)
100 creatures vanquished.

Grand Total: 1045 creatures vanquished

Notes
Turn   | Place    | Note
-------+----------+-------------------------------------------
     0 | D:1      | JellyEater the Gargoyle Earth Elementalist began the quest
                  | for the Orb.
     0 | D:1      | Reached XP level 1. HP: 10/10 MP: 3/3
   120 | D:1      | Reached XP level 2. HP: 14/15 MP: 5/5
   132 | D:1      | Reached skill level 4 in Earth Magic
   830 | D:1      | Reached XP level 3. HP: 19/19 MP: 4/6
  1265 | D:2      | Learned a level 3 spell: Stone Arrow
  1516 | D:2      | Reached XP level 4. HP: 21/24 MP: 8/8
  1585 | D:2      | Found a bloodstained altar of Trog.
  1596 | D:2      | Found a hide-covered altar of Uskayaw.
  1675 | D:2      | Reached skill level 1 in Conjurations
  2049 | D:2      | Found a runed translucent door.
  2050 | D:2      | Noticed Crazy Yiuf
  2059 | D:2      | Killed Crazy Yiuf
  2256 | D:3      | Noticed Purgy
  2272 | D:3      | Killed Purgy
  2272 | D:3      | Reached skill level 5 in Earth Magic
  2272 | D:3      | Reached XP level 5. HP: 23/28 MP: 0/10
  2282 | D:3      | Learned a level 5 spell: Lee's Rapid Deconstruction
  2336 | D:3      | Found a glowing silver altar of Zin.
  2606 | D:3      | Reached XP level 6. HP: 25/32 MP: 11/11
  2680 | D:3      | Found a runed translucent door.
  2680 | D:3      | Noticed yrara's ghost (amateur DsFi)
  2715 | D:3      | Found a runed translucent door.
  2759 | D:3      | Killed yrara's ghost
  2759 | D:3      | Reached skill level 6 in Earth Magic
  2759 | D:3      | Reached XP level 7. HP: 36/36 MP: 7/13
  3110 | D:3      | Found a blossoming altar of Fedhas.
  3153 | D:3      | Found an ornate altar of the Wu Jian Council.
  3153 | D:3      | Found a white marble altar of Elyvilon.
  3155 | D:3      | Found a sparkling altar of Nemelex Xobeh.
  3723 | D:4      | Found a runed translucent door.
  3757 | D:4      | Noticed lilly's ghost (amateur MiMo)
  3983 | D:4      | Killed lilly's ghost
  3983 | D:4      | Reached skill level 5 in Spellcasting
  3983 | D:4      | Reached skill level 5 in Conjurations
  3983 | D:4      | Reached skill level 7 in Earth Magic
  3983 | D:4      | Reached XP level 8. HP: 40/41 MP: 10/15
  4055 | D:4      | Gained mutation: You are frail. (-10% HP) [potion of
                  | mutation]
  4055 | D:4      | Gained mutation: You are very frail. (-20% HP) [potion of
                  | mutation]
  4055 | D:4      | Gained mutation: You are partially covered in rugged brown
                  | scales. (AC +1, +3% HP) [potion of mutation]
  4191 | D:5      | Entered Level 5 of the Dungeon
  4356 | D:5      | Noticed Menkaure
  4360 | D:5      | Killed Menkaure
  4465 | D:5      | Found a staircase to the Ecumenical Temple.
  4485 | Temple   | Entered the Ecumenical Temple
  4572 | Temple   | Became a worshipper of Vehumet
  4633 | D:5      | Found an ancient bone altar of Kikubaaqudgha.
  4662 | D:5      | Reached skill level 8 in Earth Magic
  4939 | D:5      | Got a pair of faintly humming boots
  4945 | D:5      | Identified the +2 pair of boots of Tomorrow {rElec SInv}
                  | (You found it on level 5 of the Dungeon)
  5138 | D:5      | Reached XP level 9. HP: 35/37 MP: 18/18
  5384 | D:6      | Noticed Grinder
  5390 | D:6      | Killed Grinder
  5390 | D:6      | Reached skill level 9 in Earth Magic
  5453 | D:6      | Noticed Eustachio
  5465 | D:6      | Killed Eustachio
  5581 | D:6      | Got a bloodstained robe
  5592 | D:6      | Identified the +2 robe of Agnosticism {Int+4} (You found it
                  | on level 6 of the Dungeon)
  5605 | D:6      | Reached skill level 1 in Fighting
  5605 | D:6      | Reached skill level 1 in Armour
  5606 | D:6      | Reached skill level 1 in Maces & Flails
  5607 | D:6      | Reached skill level 1 in Evocations
  5948 | D:6      | Got a brightly glowing hand axe
  5949 | D:6      | Identified the +9 hand axe of the Dark Horse {elec, rN+
                  | MP+9 Int+2} (You found it on level 6 of the Dungeon)
  6174 | D:7      | Lost mutation: You are very frail. (-20% HP) [potion of
                  | mutation]
  6174 | D:7      | Lost mutation: You are frail. (-10% HP) [potion of
                  | mutation]
  6174 | D:7      | Lost mutation: You are partially covered in rugged brown
                  | scales. (AC +1, +3% HP) [potion of mutation]
  6174 | D:7      | Gained mutation: You are weak. (Str -2) [potion of
                  | mutation]
  6174 | D:7      | Gained mutation: Your magical capacity is low. (-10% MP)
                  | [potion of mutation]
  6174 | D:7      | Gained mutation: Your mind is acute. (Int +2) [potion of
                  | mutation]
  6187 | D:7      | Reached * piety under Vehumet
  6187 | D:7      | Offered knowledge of Shock by Vehumet.
  6409 | D:7      | Reached XP level 10. HP: 38/54 MP: 18/18
  6501 | D:7      | Noticed Pikel
  6504 | D:7      | Killed Pikel
  6527 | D:7      | Offered knowledge of Freeze by Vehumet.
  6531 | D:7      | Reached ** piety under Vehumet
  6876 | D:8      | Noticed Harold
  6893 | D:8      | Killed Harold
  6893 | D:8      | Reached skill level 10 in Earth Magic
  6940 | D:8      | Lost mutation: Your magical capacity is low. (-10% MP)
                  | [potion of mutation]
  6940 | D:8      | Lost mutation: You are weak. (Str -2) [potion of mutation]
  6940 | D:8      | Lost mutation: Your mind is acute. (Int +2) [potion of
                  | mutation]
  6940 | D:8      | Gained mutation: Armour fits poorly on your strangely
                  | shaped body. [potion of mutation]
  6940 | D:8      | Lost mutation: Armour fits poorly on your strangely shaped
                  | body. [potion of mutation]
  6940 | D:8      | Gained mutation: You evolve. [potion of mutation]
  7771 | D:9      | Noticed a two-headed ogre
  7779 | D:9      | Killed a two-headed ogre
  7861 | D:9      | HP: 1/56 [orc warrior/+1 glaive of protection (18)]
  7868 | D:9      | Reached XP level 11. HP: 20/61 MP: 22/22
  8009 | D:9      | Offered knowledge of Ignite Poison by Vehumet.
  8403 | D:10     | Entered Level 10 of the Dungeon
  8432 | D:10     | Found Baihoass's Armour Shoppe.
  8507 | D:10     | Reached *** piety under Vehumet
  8633 | D:10     | Offered knowledge of Airstrike by Vehumet.
  8655 | D:10     | Found a staircase to the Orcish Mines.
  8719 | D:10     | Found a staircase to the Lair.
  8905 | D:11     | Noticed a cyclops
  8909 | D:11     | Killed a cyclops
  9080 | D:11     | Reached **** piety under Vehumet
  9133 | D:11     | Noticed a manticore
  9139 | D:11     | Killed a manticore
  9144 | D:11     | Offered knowledge of Bolt of Draining by Vehumet.
  9244 | D:11     | Learned a level 5 spell: Bolt of Draining
  9465 | D:11     | Reached skill level 5 in Fighting
  9484 | D:11     | Reached skill level 5 in Armour
 10077 | D:12     | Noticed a red ugly thing
 10089 | D:12     | Killed a red ugly thing
 10224 | D:12     | Reached skill level 5 in Maces & Flails
 10250 | D:12     | Noticed a red ugly thing
 10550 | D:12     | Noticed a tengu warrior
 10551 | D:12     | Noticed a four-headed hydra
 10568 | D:11     | Gained mutation: You have an increased reservoir of magic.
                  | (+10% MP) [evolution]
 10619 | D:12     | Killed a four-headed hydra
 10619 | D:12     | Reached XP level 12. HP: 68/68 MP: 26/26
 10626 | D:12     | Reached skill level 11 in Earth Magic
 10630 | D:12     | Killed a tengu warrior
 10630 | D:12     | Reached skill level 5 in Evocations
 10816 | D:12     | Noticed Nergalle
 10857 | D:12     | Killed Nergalle
 10942 | D:12     | Reached skill level 5 in Dodging
 11365 | D:13     | Found a gate to the Vaults.
 11373 | D:13     | Reached ***** piety under Vehumet
 11416 | D:13     | Offered knowledge of Bolt of Fire by Vehumet.
 11424 | D:13     | Learned a level 6 spell: Bolt of Fire
 11502 | D:13     | Found a burning altar of Makhleb.
 11670 | D:13     | Noticed Urug
 11679 | D:13     | Killed Urug
 11679 | D:13     | Reached skill level 1 in Fire Magic
 11764 | D:13     | Noticed a centaur warrior
 11775 | D:13     | Killed a centaur warrior
 11775 | D:13     | Reached skill level 10 in Conjurations
 11775 | D:13     | Reached XP level 13. HP: 76/76 MP: 28/28
 12196 | D:14     | Found Lurymid's Assorted Antiques.
 12236 | D:14     | Bought a crude platinum ring for 95 gold pieces
 12236 | D:14     | Bought a potion of magic for 152 gold pieces
 12236 | D:14     | Bought a scroll of identify for 38 gold pieces
 12236 | D:14     | Identified the ring "Nikh" {Ice Str+3 Int+5 Dex+2} (You
                  | bought it in a shop on level 14 of the Dungeon)
 12498 | D:14     | Found a transporter.
 12501 | D:14     | Found a transporter.
 12502 | D:14     | Noticed Esekla's ghost (novice FoAK)
 13441 | Lair:1   | Entered Level 1 of the Lair of Beasts
 13662 | Lair:1   | Noticed Fannar
 13667 | Lair:1   | Killed Fannar
 14204 | Lair:1   | Gained mutation: You occasionally shout uncontrollably at
                  | your foes. [evolution]
 14506 | Lair:2   | Reached skill level 12 in Earth Magic
 14863 | Lair:2   | Found a staircase to the Shoals.
 15153 | Lair:2   | Reached skill level 5 in Fire Magic
 15512 | Lair:3   | Found a dark tunnel.
 15592 | Volcano  | Entered a volcano
 15922 | Volcano  | Gained mutation: Your large and strong wings let you fly
                  | indefinitely. [Gargoyle growth]
 15922 | Volcano  | Reached XP level 14. HP: 84/84 MP: 30/30
 16016 | Lair:3   | Offered knowledge of Iron Shot by Vehumet.
 16026 | Lair:3   | Learned a level 6 spell: Iron Shot
 16071 | Lair:3   | Found a hole to the Spider Nest.
 16189 | Lair:3   | Identified the Disquisition on Helpful Transmutation
 18203 | Lair:5   | Noticed Josephine
 18211 | Lair:5   | Killed Josephine
 18211 | Lair:5   | Reached skill level 10 in Spellcasting
 19025 | Lair:6   | Entered Level 6 of the Lair of Beasts
 19114 | Lair:6   | Reached skill level 13 in Earth Magic
 19263 | Lair:6   | Reached XP level 15. HP: 73/90 MP: 30/32
 19286 | Lair:6   | Got a scorched ivory ring
 19595 | Lair:6   | Identified the ring "Nyceor" {rC- rN++ Dex+8 SInv Stlth+}
                  | (You found it on level 6 of the Lair of Beasts)
 19666 | Lair:6   | Offered knowledge of Bolt of Magma by Vehumet.
 19668 | Lair:6   | Noticed Sonja
 19675 | Lair:6   | Killed Sonja
 20112 | Lair:6   | Learned a level 5 spell: Bolt of Magma
 20785 | Lair:6   | Found a staircase to the Slime Pits.
 21218 | Orc:1    | Entered Level 1 of the Orcish Mines
 21247 | Orc:1    | Offered knowledge of Orb of Destruction by Vehumet.
 21253 | Orc:1    | Found a flagged portal.
 21342 | Bailey   | Entered a bailey
 21720 | Bailey   | Got a slimy lapis lazuli ring
 21721 | Bailey   | Identified the ring "Idagh" {*Tele Str+4} (You found it in
                  | a bailey)
 21954 | Orc:1    | Found a runed translucent door.
 21961 | Orc:1    | Found the +10 large shield of Ignorance {rN+ Int-4}
 22008 | Orc:1    | Found a runed translucent door.
 22165 | Orc:1    | Gained mutation: You are partially covered in yellow
                  | scales. (AC +2) [evolution]
 22216 | Orc:1    | Paralysed by an orc sorcerer for 7 turns
 22383 | Orc:2    | Entered Level 2 of the Orcish Mines
 22470 | Orc:2    | Reached ****** piety under Vehumet
 22721 | Orc:2    | Found Uqoe's Gadget Shop.
 22721 | Orc:2    | Found Radejacu's Book Boutique.
 22721 | Orc:2    | Found Ipnewn's Food Shop.
 22724 | Orc:2    | Found Korot's Armour Boutique.
 22816 | Orc:2    | Reached skill level 10 in Fighting
 22821 | Orc:2    | Offered knowledge of Bolt of Cold by Vehumet.
 22985 | Orc:2    | Found a bloodstained altar of Trog.
 23001 | Orc:2    | Found a staircase to the Elven Halls.
 23267 | Orc:2    | Got a thick robe
 23278 | Orc:2    | Identified the cursed +1 robe "Zunacw" {*Slow +Fly rC+
                  | Str+4} (You found it on level 2 of the Orcish Mines)
 23686 | D:14     | Killed Esekla's ghost
 23765 | D:15     | Entered Level 15 of the Dungeon
 23766 | D:15     | Found a staircase to the Depths.
 24128 | D:15     | Reached skill level 10 in Fire Magic
 24128 | D:15     | Reached XP level 16. HP: 57/97 MP: 30/33
 24438 | D:15     | Identified the Tome of Lucky Translocation
 24465 | D:15     | Offered knowledge of Spellforged Servitor by Vehumet.
 25382 | Elf:1    | Entered Level 1 of the Elven Halls
 25619 | Elf:1    | Reached skill level 14 in Earth Magic
 25706 | Elf:1    | Noticed HELP's ghost (journeyman SpEn)
 25707 | Elf:1    | Found a runed translucent gate.
 25708 | Elf:1    | Found a runed translucent gate.
 25708 | Elf:1    | Found a runed translucent gate.
 25970 | Elf:1    | Found Bivobriu's Jewellery Shop.
 25971 | Elf:1    | Found Tiluangi's Gadget Shoppe.
 25972 | Elf:1    | Found Sieqi's Jewellery Shop.
 25978 | Elf:1    | Bought the ring of Joutsys {*Slow rC+++ AC+4 Int+4 Slay+2}
                  | for 1338 gold pieces
 26436 | Elf:1    | Noticed a storm dragon
 26436 | Elf:1    | a storm dragon changed into an entropy weaver
 26629 | Elf:1    | Killed HELP's ghost
 26629 | Elf:1    | Reached skill level 10 in Maces & Flails
 26869 | Elf:1    | Got a serpentine graven amulet
 26872 | Elf:1    | Got a faintly humming buckler
 26878 | Elf:1    | Identified the +0 buckler of Responsibility {rF+ rCorr}
                  | (You found it on level 1 of the Elven Halls)
 26878 | Elf:1    | Identified the amulet "Rila Dacu" {Spirit Int-2 Dex+7
                  | Stlth+} (You found it on level 1 of the Elven Halls)
 27017 | Elf:2    | Offered knowledge of Conjure Ball Lightning by Vehumet.
 27152 | Elf:2    | Reached skill level 1 in Shields
 27295 | Elf:2    | Found Basmeru's Book Boutique.
 27313 | Elf:2    | Noticed Jorgrun
 27314 | Elf:2    | Reached XP level 17. HP: 104/104 MP: 35/35
 27317 | Elf:2    | Killed Jorgrun
 27570 | Elf:2    | Noticed Azrael
 27722 | Elf:2    | Identified the Almanac of the Peculiar Nights
 28002 | Elf:2    | Found a runed translucent gate.
 28002 | Elf:2    | Found a runed translucent gate.
 28032 | Elf:2    | Found a runed translucent gate.
 28069 | Elf:3    | Entered Level 3 of the Elven Halls
 28214 | Elf:3    | Found Ukhos's Food Boutique.
 28918 | Elf:3    | Noticed a deep elf blademaster
 28921 | Elf:3    | Noticed a deep elf blademaster
 28926 | Elf:3    | Killed a deep elf blademaster
 28933 | Elf:3    | Killed from afar by a deep elf annihilator

Levels and vault maps discovered:
D:1:      dpeg_arrival_lava_temple_mockup, layout_loops_ring,
          minmay_tromino_v4_a
D:2:      layout_loops_ring, amethyst_overflow_temple_binary, minmay_circle_x,
          uniq_crazy_yiuf_cottage
D:3:      layout_loops_ring, nicolae_overflow_hidden_temple,
          ebering_ghost_sewer_f, first_ration, uniq_purgy
D:4:      layout_basic, ebering_ghost_sewer_d
D:5:      layout_basic, kiku_gazebo_garden_becter,
          minmay_temple_entry_statues_fountains, uniq_menkaure
D:6:      layout_basic, st_stairs_7, uniq_eustachio, uniq_grinder
D:7:      layout_rooms, grunt_ministairs_15, grunt_livestock, uniq_pikel
D:8:      layout_loops_corners, uniq_harold
D:9:      layout_cave_pools
D:10:     layout_basic, lair_entry_dummy, orc_0_dummy, serial_shops, shop
D:11:     old_forge, layout_loops_ring
D:12:     layout_basic, uniq_nergalle
D:13:     layout_basic, erik_vaults_1, basic_altar, uniq_urug
D:14:     layout_stronghold, serial_bayou_shore_a, gammafunk_ghost_hive,
          kennysheep_windowed_goal
D:15:     gammafunk_depths_entry_grave, layout_rooms, bh_walls_and_bars,
          minmay_parallelograms
Temple:   nicolae_temple_great_sept
Lair:1:   layout_cave_pods, chequers_serial_rivers_micro_e, uniq_fannar
Lair:2:   layout_cave_shapes, minmay_shoals_entry_beasts,
          chequers_serial_rivers_micro_e, minmay_another_anthill,
          grunt_megastairs_1
Lair:3:   layout_loops_ring, spider_nest_entry_webs,
          nicolae_volcano_entry_vermiform, patterned_corridor
Lair:4:   layout_regular_city, minmay_lair_oklob_chamber
Lair:5:   layout_roguey, hibernation_bobbens, infiniplex_staircase_pool,
          uniq_josephine
Lair:6:   minmay_lair_end_frog_pond, layout_long_grid,
          minmay_slime_entry_pillars, uniq_sonja
Orc:1:    layout_caves, enter_bailey_2, chequers_guarded_unrand_ignorance
Orc:2:    st_orc_mages, layout_caves, basic_altar, hangedman_minor_magic
Elf:1:    layout_geoelf_octagon, gammafunk_ghost_split,
          hangedman_corner_corridor, minmay_shop_grove
Elf:2:    layout_geoelf_grid, serial_glass, glass_columns_a, glass_columns_c,
          glass_columns_a, glass_columns_a, serial_shops,
          nicolae_shop_statue_plus, minmay_elf_necromancy, uniq_jorgrun,
          uniq_azrael
Elf:3:    grunt_elf_hall_asides, layout_geoelf_grid, serial_shops, shop,
          columned_hall_lemuel
Bailey:   bailey_polearm_4, bailey
Volcano:  volcano_bunker

Skill      XL: |  1  2  3  4  5  6  7  8  9 10 11 12 13 14 15 16 17 |
---------------+----------------------------------------------------+-----
Earth Magic    | 4 5 6 7 8 9 10 11 12 13 14 | 14.6
Spellcasting   | 3 4 5 6 7 8 9 10 11 | 11.5
Conjurations   | 2 3 5 6 7 8 9 10 11 12 13 | 13.1
Fighting       | 2 4 5 6 8 9 10 11 | 11.5
Armour         | 2 3 5 6 |  6.0
Maces & Flails | 2 3 5 6 7 8 9 10 | 10.5
Evocations     | 2 3 4 5 6 |  6.0
Dodging        | 2 3 4 5 6 7 8 9 |  9.2
Fire Magic     | 2 5 8 10 11 12 | 12.1
Shields        | 1 3 |  3.7
Stealth        | |  2.1
Transmutations | |  0.7

Action                   |  1- 3 |  4- 6 |  7- 9 | 10-12 | 13-15 | 16-18 || total
-------------------------+-------+-------+-------+-------+-------+-------++-------
Melee: Short sword       |     3 |       |       |       |       |       ||     3
       Mace              |    60 |    10 |    20 |       |       |       ||    90
       Whip              |       |    44 |   182 |       |       |       ||   226
       Hand axe          |       |       |    60 |   317 |   905 |   352 ||  1634
Throw: Throwing net      |       |       |       |     2 |       |       ||     2
 Cast: Sandblast         |    19 |    19 |    38 |   115 |    63 |    16 ||   270
       Stone Arrow       |       |     1 |    11 |    45 |    22 |     4 ||    83
       Lee's Rapid Decon |       |       |     6 |    24 |    45 |    13 ||    88
       Bolt of Fire      |       |       |       |       |    69 |    67 ||   136
       Iron Shot         |       |       |       |       |    24 |    43 ||    67
 Abil: Fly               |       |       |       |       |     1 |       ||     1
Evoke: Wand              |       |     4 |     9 |     6 |     6 |       ||    25
       Lightning rod     |       |       |       |       |     3 |     3 ||     6
       Lamp of fire      |       |       |       |       |       |     3 ||     3
       Phial of floods   |       |       |       |       |       |     1 ||     1
  Use: Scroll            |     8 |     4 |    11 |     8 |    17 |     7 ||    55
       Potion            |       |       |     2 |     3 |    13 |     1 ||    19
 Stab: Sleeping          |     7 |     5 |     7 |     3 |     7 |       ||    29
       Distracted        |       |     1 |       |       |     1 |       ||     2
       Invisible         |       |       |       |       |     5 |       ||     5
       Petrified         |       |       |       |       |     1 |       ||     1
  Eat: Chunk             |     2 |     4 |    15 |    23 |    52 |    33 ||   129
       Ration            |       |       |       |       |     6 |     1 ||     7
Armor: Robe              |    25 |    15 |   102 |   122 |   413 |   150 ||   827
Dodge: Dodged            |    38 |    51 |   230 |   380 |  1072 |   269 ||  2040
Block: Other             |       |       |    30 |   113 |   265 |    30 ||   438
       Reflection        |       |       |       |     4 |     3 |    14 ||    21
       Buckler           |       |       |       |       |       |    90 ||    90

Table legend:
 A = Non-vault XP
 B = Vault XP
 C = Vault XP percentage of total XP
 D = Non-vault monster count
 E = Vault monster count
 F = Vault count percentage of total count
                 A         B        C        D         E       F
            +---------+---------+-------+---------+---------+-------
      Total |  140889 |   81435 |  36.6 |     640 |     290 |  31.2
            +---------+---------+-------+---------+---------+-------
        D:1 |      39 |       6 |  13.3 |      16 |       4 |  20.0
        D:2 |      45 |      47 |  51.1 |      19 |       4 |  17.4
        D:3 |      85 |     438 |  83.7 |      12 |       6 |  33.3
        D:4 |     280 |     330 |  54.1 |      13 |       3 |  18.8
        D:5 |     970 |     169 |  14.8 |      22 |       1 |   4.3
        D:6 |     631 |     593 |  48.4 |      16 |       3 |  15.8
        D:7 |    1025 |    1905 |  65.0 |      28 |      12 |  30.0
        D:8 |     481 |    1002 |  67.6 |       7 |       1 |  12.5
        D:9 |    2831 |       0 |   0.0 |      28 |       0 |   0.0
       D:10 |    1284 |       0 |   0.0 |      23 |       0 |   0.0
       D:11 |    3540 |     115 |   3.1 |      42 |       8 |  16.0
       D:12 |    8655 |     792 |   8.4 |      47 |       1 |   2.1
       D:13 |    4697 |    2639 |  36.0 |      20 |       3 |  13.0
       D:14 |    5458 |    4074 |  42.7 |      28 |      15 |  34.9
       D:15 |   22183 |    4995 |  18.4 |      54 |       8 |  12.9
     Lair:1 |    1381 |     976 |  41.4 |       7 |       1 |  12.5
     Lair:2 |    2075 |    3820 |  64.8 |      10 |      31 |  75.6
     Lair:3 |    7624 |    1057 |  12.2 |      28 |       3 |   9.7
     Lair:4 |    7365 |    2595 |  26.1 |      19 |       6 |  24.0
     Lair:5 |    8509 |    2639 |  23.7 |      30 |       5 |  14.3
     Lair:6 |    9633 |   14934 |  60.8 |      36 |      55 |  60.4
      Orc:1 |     336 |    2694 |  88.9 |       7 |       4 |  36.4
      Orc:2 |    3115 |    6475 |  67.5 |      37 |      58 |  61.1
      Elf:1 |   10490 |    6919 |  39.7 |      20 |      14 |  41.2
      Elf:2 |   21886 |    8152 |  27.1 |      41 |      11 |  21.2
      Elf:3 |   16271 |    6051 |  27.1 |      30 |       4 |  11.8
     Bailey |       0 |    1897 | 100.0 |       0 |      18 | 100.0
    Volcano |       0 |    6121 | 100.0 |       0 |      11 | 100.0
            +---------+---------+-------+---------+---------+-------
